 Dungeon Crawl Stone Soup version 0.26-a0-937-g67df3f2acb (webtiles) character file.

Game seed: 8709605935393043307

235 yilan901 the Shield-Bearer (level 6, -2/43 HPs)
             Began as an Octopode Fighter on Nov 27, 2020.
             Was an Initiate of Makhleb.
             Slain by Sigmund
             ... wielding a +0 scythe
              (8 damage)
             ... on level 4 of the Dungeon.
             The game lasted 00:08:43 (1629 turns).

yilan901 the Shield-Bearer (Octopode Fighter)       Turns: 1629, Time: 00:08:43

Health: -2/43      AC:  5    Str: 17    XL:     6   Next: 6%
Magic:  6/6        EV: 12    Int: 11    God:    Makhleb [......]
Gold:   119        SH:  9    Dex: 11    Spells: 5/5 levels left

rFire    + . .     SeeInvis .   a - +0 trident
rCold    . . .     Faith    .   b - +0 kite shield
rNeg     . . .     Spirit   .   (helmet restricted)
rPois    .         Reflect  .   (no amulet)
rElec    .         Harm     .   k - ring of protection from fire
rCorr    .         Rampage  .   p - +4 ring of protection
MR       .....                  (no ring)
Stlth    ++........             (no ring)
HPRegen  0.14/turn              (no ring)
MPRegen  0.10/turn              (no ring)
                                (no ring)
                                (no ring)

@: no status effects
A: almost no armour, stealthy swim, amphibious, 8 rings, constrict 8, camouflage
1, gelatinous body 1
a: Renounce Religion


You were on level 4 of the Dungeon.
You worshipped Makhleb.
Makhleb was noncommittal.
You visited 1 branch of the dungeon, and saw 6 of its levels.

You collected 119 gold pieces.

Inventory:

Hand Weapons
 a - a +0 trident (weapon)
 q - a +0 trident
Armour
 b - a +0 kite shield (worn)
Jewellery
 k - a ring of protection from fire (left tentacle)
 p - a +4 ring of protection (right tentacle)
Wands
 o - a wand of iceblast (7) (quivered)
Scrolls
 e - 2 scrolls of enchant weapon {unknown}
 g - a scroll of teleportation {unknown}
 h - 2 scrolls of remove curse {unknown}
 l - a scroll of identify {unknown}
Potions
 c - a potion of might
 d - a potion of invisibility {unknown}
 f - 2 potions of berserk rage {unknown}
 i - a potion of curing {unknown}
 j - a potion of haste {unknown}
 m - a potion of ambrosia {unknown}
 n - a potion of cancellation {unknown}
 r - 2 potions of mutation {unknown}


   Skills:
 + Level 3.7 Fighting
 * Level 3.8 Polearms
 + Level 3.7 Dodging
 * Level 4.5 Shields


You had 5 spell levels left.
You didn't know any spells.
Your spell library was empty.

Dungeon Overview and Level Annotations

Branches:
Dungeon (6/15)
 Temple: D:4-7

Altars:
Makhleb

Shops:
D:6 =

Annotations:
D:2 Robin
D:4 Sigmund


Innate Abilities, Weirdness & Mutations

You cannot wear most types of armour.
You are very stealthy in the water. (Stealth+)
You are amphibious.
You can wear up to eight rings at the same time.
You can use your tentacles to constrict eight enemies at once.
Your skin changes colour to match your surroundings (Stealth+).
Your rubbery body absorbs attacks. (AC +1, EV +1)


Message History

Something hits you.
* * * LOW HITPOINT WARNING * * *
The orc barely misses you.
You puncture the orc!
You kill the orc!
Makhleb accepts your kill. Something hits you.
* * * LOW HITPOINT WARNING * * *
You hit the orc. You grab the orc.
The orc is severely wounded.
You constrict the orc.
You kill the orc!
Makhleb accepts your kill.
You feel sick.
You are no longer poisoned.
You hit the leopard gecko skeleton. You grab the leopard gecko skeleton.
The leopard gecko skeleton is moderately damaged.
You constrict the leopard gecko skeleton.
Something hits you!
You die...

..................
..##..#.........#
#............#
##...........##..
#.......!....!#
##.........##[.
.....#....o##
.###.###?o##### #
#. ##{Z@..# ##
#####o.# .....
....... o......
....... .o.....
.......


You could see 2 orcs and a leopard gecko skeleton.

Vanquished Creatures
  A bullfrog (D:6)
  Jessica (D:3)
  An iguana (D:4)
  2 worker ants
  2 adders (D:4)
  An ooze (D:5)
  An adder skeleton (D:4)
  2 leopard geckos (D:1)
  5 orcs
  6 goblins
  4 hobgoblins (D:3)
  2 jackals (D:3)
  A quokka (D:5)
  5 bats
  5 frilled lizards
  3 kobolds
  2 rats
44 creatures vanquished.

Notes
Turn   | Place    | Note
-------+----------+-------------------------------------------
     0 | D:1      | yilan901 the Octopode Fighter began the quest for the Orb.
     0 | D:1      | Reached XP level 1. HP: 16/16 MP: 1/1
   256 | D:1      | Reached XP level 2. HP: 21/21 MP: 2/2
   510 | D:2      | Noticed Jessica
   592 | D:2      | Noticed Robin
   599 | D:3      | HP: 1/21 [Jessica/nerve-wracking pain (4)]
   600 | D:3      | Killed Jessica
   601 | D:3      | Reached XP level 3. HP: 2/26 MP: 3/3
  1256 | D:3      | Reached XP level 4. HP: 31/31 MP: 4/4
  1311 | D:3      | Found a burning altar of Makhleb.
  1311 | D:3      | Noticed a balrug
  1314 | D:3      | Noticed an orange demon
  1314 | D:3      | Noticed a smoke demon
  1316 | D:3      | Became a worshipper of Makhleb the Destroyer
  1324 | D:3      | You fall into a shaft and drop 3 floors!
  1340 | D:6      | Found Cuwnesegg's Jewellery Shop.
  1340 | D:6      | Noticed a bullfrog
  1348 | D:6      | Killed a bullfrog
  1349 | D:6      | Reached skill level 4 in Shields
  1349 | D:6      | Reached XP level 5. HP: 36/36 MP: 5/5
  1357 | D:6      | Noticed a centaur
  1361 | D:5      | Entered Level 5 of the Dungeon
  1598 | D:4      | Noticed Sigmund
  1625 | D:4      | Reached XP level 6. HP: 14/43 MP: 6/6
  1629 | D:4      | Slain by Sigmund

Illustrated notes

Levels and vault maps discovered:
D:1:      scummos_arrival_hexagon, layout_loops_ring
D:2:      minmay_general_purpose_star, layout_loops_ring,
          chequers_ecumenical_altar_island, uniq_crazy_yiuf_cottage,
          uniq_jessica, uniq_robin
D:3:      layout_loops_corners, makhleb_altar_promises_db, serial_aquarium,
          aquarium_bridge_long_joined [aquarium_subvault_wall,
          aquarium_subvault_bridge, aquarium_subvault_wall,
          aquarium_subvault_bridge, aquarium_subvault_window,
          aquarium_subvault_bridge], aquarium_window_1, aquarium_window_2,
          aquarium_view_2c, aquarium_view_2c, aquarium_balcony_1b,
          grunt_ministairs_1
D:4:      layout_rooms, nicolae_overflow_crystal_walls, marbit_many_paths,
          minmay_temple_entry_antechambers, uniq_sigmund
D:5:      layout_basic, gammafunk_ghost_necromancy, corexii_corridor_pit,
          guppyfry_shop_venom
D:6:      layout_rooms, yredelemnul_altar_generic, serial_shops, shop

Skill      XL: |  1  2  3  4 |
---------------+-------------+-----
Polearms       | 3 |  3.8
Shields        | 4 |  4.5
Fighting       | |  3.7
Dodging        | |  3.7

Action                   |  1- 3 |  4- 6 || total
-------------------------+-------+-------++-------
Melee: Trident           |    60 |    37 ||    97
       Constrict         |     8 |    14 ||    22
       Tentacles         |     5 |    12 ||    17
 Stab: Sleeping          |     6 |       ||     6
       Distracted        |     1 |       ||     1
Armor: Skin              |     3 |     8 ||    11
Dodge: Dodged            |    24 |    22 ||    46
Block: Kite shield       |    21 |    13 ||    34

Table legend: (Time is in decaauts)
 A = Elapsed time spent in this place.
 B = Non-inter-level travel time spent in this place.
 C = Inter-level travel time spent in this place.
 D = Time resting spent in this place.
 E = Time spent auto-exploring this place.
 F = Levels seen in this place.
 G = Mean time per level.
                   A        B        C        D        E       F      G
               +--------+--------+--------+--------+--------+-----+--------+
         Total |   1651 |   1635 |     16 |    575 |    603 |   6 |  275.2 |
       Dungeon |   1651 |   1635 |     16 |    575 |    603 |   6 |  275.2 |
               +--------+--------+--------+--------+--------+-----+--------+

Top non-repeatable levels by time:
     D:3: 808 daAuts
     D:1: 513 daAuts
     D:5: 237 daAuts
     D:6: 38 daAuts
     D:4: 36 daAuts
     D:2: 18 daAuts
